Map: Sludge City

Players

HSnyper - Winner!

  • Race: Zerg Zerg
  • Spawn Location: 9:00

friednoodle - Winner!

  • Race: Terran Terran
  • Spawn Location: 11:00

LilDicky

  • Race: Terran Terran
  • League: Diamond
  • Spawn Location: 5:00

NoHandsMan

  • Race: Zerg Zerg
  • Spawn Location: 5:00

VOD

http://www.twitch.tv/tumescentpie

Description

Time

  • Played on: Nov. 28, 2015, 4:21 a.m.
  • Length: 13:02
Show
View Real Time Build Order
Export as new Build Order

HSnyper Zerg - Winner!

Build Orders: Pool First 

Get SALT Encoding   

  12  0:04  Drone  
  13  0:11  Drone  
  14  0:32  Spawning Pool  
  14  0:34  Overlord  
  13  0:39  Drone  
  14  0:54  Drone x2  
  16  1:02  Drone  
  17  1:17  Hatchery  
  16  1:29  Overlord  
  16  1:30  Drone  
  16  1:31  Drone  
  18  1:55  Drone x2  
  18  1:57  Extractor  
  18  2:03  Queen  
  20  2:20  Zergling x4  
  22  2:24  Drone  
  22  2:29  Queen  
  23  2:31  Drone  
  23  2:36  Drone  
  27  2:43  Overlord  
  27  2:46  Queen  
  27  2:47  Drone  
  30  2:54  Drone  
  30  2:56  Drone  
  32  3:03  Metabolic Boost  
  32  3:09  Overlord  
  32  3:10  Zergling x2  
  33  3:15  Zergling x2  
  34  3:24  Zergling x4  
  34  3:25  Baneling Nest  
  34  3:26  Overlord, Zergling x2  
  36  3:29  Zergling x2  
  37  3:42  Zergling x4  
  37  3:46  Zergling x2  
  40  3:52  Zergling x4  
  40  3:53  Zergling x4  
  43  4:03  Zergling x4  
  45  4:12  Lair  
  45  4:15  Extractor  
  44  4:20  Drone x4  
  49  4:24  Zergling x4  
  49  4:26  Baneling x3  
  49  4:28  Zergling x2  
  51  4:34  Baneling  
  51  4:38  Hatchery  
  50  4:41  Zergling x4  
  50  4:42  Zergling x4  
  45  4:51  Zergling x4  
  41  5:15  Zergling x10  
  46  5:25  Drone x2  
  48  5:31  Extractor  
  48  5:32  Drone x2, Extractor  
  48  5:41  Drone  
  49  5:44  Drone  
  50  5:55  Drone  
  50  5:56  Drone x3, Queen  
  56  6:02  Extractor  
  55  6:07  Drone x2  
  55  6:08  Spire, Extractor  
  55  6:10  Overlord x2  
  55  6:18  Zergling x4  
  57  6:20  Overlord  
  57  6:27  Overlord  
  57  6:30  Zergling x4  
  59  6:34  Zergling x8  
  63  6:42  Baneling x5  
  63  6:43  Zergling x2, Baneling  
  63  6:44  Zergling x4  
  65  6:47  Zergling x2  
  64  7:05  Zergling x2  
  64  7:06  Zergling x8  
  64  7:07  Zergling x4  
  71  7:24  Mutalisk  
  71  7:27  Overlord x2  
  71  7:28  Overlord  
  73  7:30  Baneling x5  
  73  7:33  Drone  
  73  7:36  Zerg Flyer Weapons Level 1  
  74  7:37  Overlord x4  
  74  7:46  Mutalisk x3  
  80  7:56  Zergling x2  
  63  8:07  Zergling x4  
  63  8:08  Zergling x16  
  63  8:09  Zergling x4  
  74  8:18  Zergling x6  
  77  8:22  Overlord  
  77  8:27  Mutalisk  
  77  8:32  Evolution Chamber  
  78  8:36  Evolution Chamber, Drone x2  
  78  8:39  Drone x2  
  78  8:41  Drone  
  75  9:13  Zergling x8  
  66  9:18  Zerg Missile Weapons Level 1, Zerg Ground Armor Level 1  
  66  9:27  Infestation Pit  
  66  9:28  Drone x7  
  66  9:29  Drone x2, Roach Warren  
  73  9:41  Drone x2, Roach Warren  
  69  10:14  Roach  
  69  10:15  Roach x7  
  69  10:16  Roach x4  
  69  10:19  Zergling x4  
  95  10:25  Zergling x6  
  90  10:30  Glial Reconstitution  
  90  10:32  Roach x2  
  86  10:41  Roach x3  
  91  10:46  Roach  
  91  10:49  Zergling x4  
  87  10:56  Zergling x2  
  88  11:01  Zergling x4  
  88  11:03  Zergling x6  
  87  11:17  Drone x5  
  88  11:22  Zergling x2  
  87  11:26  Zergling x2  
  87  11:27  Zergling x2  
  87  11:32  Roach  
  87  11:33  Roach x3  
  87  11:42  Roach x2  
  84  11:47  Roach x2  
  77  12:06  Roach  
  77  12:07  Roach x3  
  80  12:12  Infestor  
  80  12:30  Roach x2  
  80  12:31  Roach  
  80  12:36  Roach  
Show
View Real Time Build Order
Export as new Build Order

friednoodle Terran - Winner!

Build Orders: Mech, Banshee Rush 

Get SALT Encoding   

  12  0:03  SCV  
  13  0:15  SCV  
  14  0:25  Supply Depot  
  14  0:27  SCV  
  15  0:47  SCV  
  16  0:52  Barracks  
  16  0:59  SCV  
  16  1:01  Refinery  
  17  1:11  SCV  
  18  1:13  Refinery  
  18  1:23  SCV  
  20  1:40  Orbital Command  
  20  1:41  Marine  
  20  1:42  Supply Depot  
  20  1:53  Factory  
  20  2:09  SCV  
  21  2:21  SCV  
  22  2:23  Marine  
  23  2:40  Command Center  
  23  2:43  Starport  
  23  2:46  Bunker  
  23  2:50  Hellion  
  25  2:59  Supply Depot, SCV  
  26  3:13  Factory Tech Lab  
  26  3:19  SCV  
  27  3:27  Marine  
  28  3:38  SCV  
  29  3:49  Medivac  
  29  3:50  Cloaking Field  
  29  3:55  SCV  
  33  3:56  Orbital Command  
  32  4:07  SCV  
  33  4:11  Widow Mine  
  35  4:17  Barracks Reactor  
  35  4:18  Banshee  
  35  4:21  Armory  
  38  4:25  SCV  
  38  4:26  SCV  
  40  4:38  SCV  
  39  4:59  SCV  
  39  5:01  Factory Tech Lab, Banshee, SCV  
  43  5:11  SCV  
  43  5:12  Terran Vehicle Weapons Level 1  
  44  5:15  SCV  
  44  5:16  Supply Depot  
  44  5:21  Factory, Refinery  
  45  5:22  Refinery  
  45  5:23  SCV  
  45  5:27  SCV  
  47  5:37  Infernal Pre-Igniter  
  47  5:38  Hellion  
  49  5:44  Banshee  
  52  5:51  SCV x2, Barracks Reactor  
  54  5:58  Command Center  
  54  5:59  Siege Tank  
  54  6:03  SCV x2  
  59  6:15  SCV  
  57  6:29  SCV  
  57  6:30  SCV, Banshee  
  62  6:37  Supply Depot, Siege Tank  
  62  6:38  Hellion x2  
  62  6:39  Supply Depot  
  69  6:41  SCV  
  70  7:08  SCV  
  70  7:09  SCV  
  72  7:20  Hellion, Siege Tank  
  72  7:21  SCV x2  
  76  7:23  Factory  
  76  7:25  Factory  
  76  7:29  Supply Depot  
  76  7:30  Orbital Command  
  76  7:33  SCV x2  
  78  7:45  SCV  
  78  7:46  Hellion  
  78  7:47  Hellion  
  83  7:52  Siege Tank  
  83  7:56  Banshee  
  89  7:59  Factory  
  89  8:08  Hellion x2  
  89  8:09  SCV  
  89  8:11  Engineering Bay  
  94  8:14  SCV  
  94  8:15  SCV  
  94  8:16  Refinery  
  94  8:19  Terran Vehicle Weapons Level 2  
  96  8:23  Factory Tech Lab, Armory  
  96  8:24  Factory Tech Lab  
  98  8:27  Hellion  
  98  8:29  Hellion  
  98  8:30  Hellion  
  102  8:37  Refinery  
  102  8:39  SCV  
  103  8:43  SCV x2  
  103  8:44  Supply Depot, Hellion x2, Siege Tank  
  103  8:46  Medivac  
  103  8:48  Siege Tank  
  115  9:04  Supply Depot  
  115  9:05  Hellion  
  115  9:06  SCV, Hellion x3  
  124  9:14  Supply Depot  
  124  9:23  Supply Depot, Terran Vehicle And Ship Armor Level 1  
  124  9:25  Siege Tank x2  
  124  9:27  Siege Tank  
  124  9:30  Missile Turret  
  133  9:32  Missile Turret  
  133  9:42  Command Center  
  133  9:46  Hellion x3  
  139  9:54  Missile Turret x2  
  139  9:58  Siege Tank x2  
  131  10:01  Command Center  
  118  10:07  Missile Turret  
  118  10:12  Missile Turret x2  
  103  10:17  Hellion, Siege Tank  
  103  10:18  Hellion x3  
  84  10:21  Medivac  
  80  10:30  Siege Tank x2  
  84  10:36  SCV  
  84  10:37  SCV x2  
  84  10:39  Hellion  
  87  10:48  SCV  
  87  10:49  SCV x2, Siege Tank  
  92  11:02  Refinery, Siege Tank x2  
  92  11:03  SCV x2  
  100  11:07  Orbital Command  
  100  11:11  Refinery  
  100  11:13  Hellion x3  
  103  11:21  Siege Tank  
  102  11:27  Refinery  
  102  11:30  SCV x2  
  100  11:34  Siege Tank x2  
  100  11:36  Planetary Fortress  
  100  11:39  SCV  
  107  11:40  SCV  
  107  11:42  SCV  
  107  11:43  SCV  
  109  11:51  SCV, Hellion x2  
  109  11:53  Siege Tank  
  117  12:06  Siege Tank  
  120  12:13  Command Center  
  122  12:22  Hellion  
  122  12:23  Hellion  
  122  12:29  Hellion, Siege Tank  
Show
View Real Time Build Order
Export as new Build Order

LilDicky Terran 

Build Orders:  

Get SALT Encoding   

  12  0:01  SCV  
  13  0:13  SCV  
  14  0:19  Supply Depot  
  14  0:25  SCV  
  15  0:40  SCV  
  15  0:42  Barracks  
  16  0:52  SCV  
  17  1:05  Barracks  
  17  1:08  Barracks  
  17  1:10  SCV  
  18  1:22  SCV  
  19  1:29  Marine  
  20  1:33  Supply Depot  
  20  1:40  Orbital Command  
  20  1:47  Marine  
  20  1:53  Marine  
  22  1:58  Marine  
  23  2:05  Marine  
  23  2:08  SCV  
  25  2:10  Marine  
  25  2:14  Barracks  
  26  2:16  Marine  
  26  2:20  SCV  
  28  2:23  Marine  
  29  2:31  Barracks  
  29  2:32  SCV  
  29  2:34  Marine  
  31  2:47  Supply Depot  
  31  3:09  SCV, Marine x4  
  36  3:15  Supply Depot  
  36  3:20  Command Center  
  36  3:27  Marine x3  
  39  3:36  Marine x2  
  39  3:37  SCV  
  42  3:45  Marine x2  
  44  3:52  Marine  
  44  3:54  Marine x2  
  47  4:03  Supply Depot  
  47  4:23  Marine x5  
  47  4:24  SCV  
  52  4:41  Marine x5  
  39  4:59  Marine x5  
  44  5:01  Orbital Command  
  44  5:10  Supply Depot, Barracks  
  44  5:11  Barracks  
  44  5:15  SCV  
  44  5:17  Marine x3  
  48  5:21  Marine x2  
  50  5:34  SCV  
  50  5:35  Marine x3  
  54  5:46  SCV x2, Marine  
  54  5:47  Marine  
  58  5:50  Command Center  
  58  5:52  Marine x2  
  58  5:53  Refinery  
  58  5:56  Marine  
  61  5:58  Refinery, Marine  
  61  5:59  Marine  
  61  6:01  SCV  
  64  6:05  SCV  
  64  6:06  Marine  
  64  6:07  Refinery  
  64  6:10  Marine  
  64  6:11  Refinery, Marine  
  68  6:21  Marine x4  
  68  6:23  Engineering Bay  
  68  6:24  Marine  
  72  6:29  Marine x2  
  73  6:34  SCV  
  73  6:35  SCV  
  73  6:39  Marine x4  
  79  6:42  Marine  
  79  6:46  Marine  
  79  6:47  SCV  
  81  6:51  SCV  
  73  7:01  Marine x2  
  73  7:06  Orbital Command  
  72  7:09  Marine  
  72  7:13  Missile Turret  
  73  7:15  Marine  
  73  7:16  Missile Turret  
  72  7:26  Marine  
  72  7:27  Marine  
  72  7:28  Marine  
  77  7:33  Command Center, Marine  
  77  7:35  Missile Turret  
  78  7:40  Barracks Tech Lab x3  
  78  7:41  Terran Infantry Weapons Level 1  
  75  7:46  SCV  
  75  7:47  SCV  
  75  7:51  SCV  
  78  7:59  SCV  
  62  8:09  Marine x7  
  62  8:10  Combat Shields, Stimpack  
  62  8:11  Concussive Shells  
  52  8:26  Marine  
  53  8:27  Supply Depot, Marine x5  
  53  8:28  Marine  
  54  8:44  Marine  
  54  8:45  Marine x6  
  58  9:02  Marine  
  59  9:03  Marine x6  
  55  9:10  SCV  
  55  9:11  SCV x2  
  57  9:20  Marine x5  
  57  9:21  Marine x2  
  64  9:27  Factory  
  64  9:35  Orbital Command  
  64  9:38  Marine x3  
  65  9:40  Marine  
  68  9:46  Marine x2  
  68  9:47  Marine  
  71  9:55  Marine, Orbital Command  
  71  9:56  Marine x2  
  71  9:58  Marine  
  71  9:59  Command Center  
  59  10:12  Marine x3  
  59  10:13  Marine  
  63  10:14  Marine x2  
  63  10:15  Missile Turret  
  63  10:16  Missile Turret x2, Marine  
  61  10:29  Marine  
  61  10:30  Marine x2  
  61  10:31  Marine  
  58  10:52  Marine x2  
  58  10:53  Marine x5  
  62  11:10  Marine x2  
  62  11:11  Marine x5  
  68  11:15  Orbital Command  
  67  11:27  Planetary Fortress  
  67  11:28  Marine x6  
  67  11:29  Marine  
  67  11:32  Factory Reactor  
  70  11:46  Marine  
  70  11:56  Marine x2  
  57  12:16  Marine  
  57  12:17  Widow Mine, Marine x3  
  57  12:18  Marauder, Widow Mine  
  56  12:22  Marine  
  56  12:23  Marine  
  49  12:34  Marine x2  
  49  12:35  Marine x2  
  52  12:39  Marine  
  52  12:40  Marine  
  52  12:41  Marine  
Show
View Real Time Build Order
Export as new Build Order

NoHandsMan Zerg 

Build Orders: Hatch First 

Get SALT Encoding   

  12  0:02  Drone  
  13  0:13  Overlord  
  13  0:20  Drone  
  14  0:31  Drone x2  
  16  0:37  Drone  
  17  0:57  Hatchery  
  17  1:01  Drone x2  
  18  1:08  Extractor  
  17  1:18  Spawning Pool  
  17  1:19  Drone  
  17  1:22  Drone  
  18  1:41  Drone, Overlord  
  19  1:56  Drone  
  20  2:04  Drone  
  20  2:06  Queen  
  23  2:12  Queen  
  25  2:15  Metabolic Boost  
  25  2:22  Extractor  
  24  2:30  Drone x2  
  24  2:31  Drone  
  24  2:34  Drone  
  28  2:47  Spine Crawler  
  27  3:00  Roach Warren  
  27  3:03  Drone x5  
  27  3:05  Drone  
  32  3:17  Overlord x2  
  32  3:42  Roach x6  
  32  3:48  Roach  
  46  3:59  Roach  
  46  4:00  Roach x2  
  52  4:04  Overlord  
  52  4:05  Overlord x2  
  52  4:35  Roach x8  
  52  4:36  Roach x3  
  68  5:00  Lair  
  68  5:09  Roach x4  
  68  5:11  Overlord x3  
  76  5:22  Hatchery  
  75  5:37  Extractor  
  75  5:38  Extractor  
  73  5:47  Baneling Nest  
  72  5:52  Spore Crawler  
  72  5:55  Spore Crawler  
  70  6:00  Spore Crawler  
  69  6:04  Hydralisk Den  
  69  6:10  Drone  
  69  6:11  Drone x11  
  80  6:34  Spore Crawler  
  80  6:35  Hydralisk x2  
  83  6:44  Queen  
  85  7:12  Hydralisk x6  
  85  7:13  Hydralisk  
  97  7:28  Lurker Den  
  97  7:31  Burrow  
  97  7:33  Glial Reconstitution  
  97  7:51  Evolution Chamber  
  97  7:55  Evolution Chamber  
  91  8:10  Hydralisk  
  91  8:11  Hydralisk x5  
  103  8:15  Overlord  
  103  8:29  Overlord x2  
  99  9:05  Hydralisk  
  99  9:06  Hydralisk x7  
  111  9:26  Zerg Missile Weapons Level 1, Zerg Ground Armor Level 1  
  111  9:47  Drone  
  111  9:48  Drone x7  
  109  10:08  Roach x5  
  69  10:35  Roach x8  
  53  10:58  Drone x8  
  61  11:16  Queen  
  61  11:17  Drone  
  61  11:18  Drone x2  
  66  11:36  Drone x6  
  66  11:37  Drone  
  73  12:04  Hydralisk  
  73  12:05  Hydralisk x6  
  87  12:27  Hydralisk  
  87  12:28  Hydralisk x5  
Tags
 
Add a new tag
Caveats
  • Supply blocks, unpowered buildings, or Contaminate may cause inaccurate times.
  • Supply counts are checked every 10 seconds.